[Event "*** Titled Tuesday Blitz"]
[Site "Chess.com"]
[Date "2019.03.05"]
[Round "1"]
[White "eljanov"]
[Black "WPWPWP-2015"]
[Result "1-0"]
[WhiteElo "2755"]
[BlackElo "2393"]
[TimeControl "180+2"]
[EndTime "13:11:26 PST"]
[Termination "eljanov won on time"]

1. d4 Nf6 2. c4 c6 3. Bf4 d5 4.
e3 Nbd7 5. Nc3 a6 6. Nf3 e6 7. h3 Bb4 8. Qb3 Be7 9. cxd5 exd5 10. Bd3 O-O 11. O-O Re8 12. Qc2 h6 13. Rab1 a5 14.
a3 Nf8 15. b4 axb4 16. axb4 Ne6 17. Bh2 Bf8 18. Ne5 Qe7 19. Rfc1 Ng5 20. b5 c5 21.
dxc5 Qxc5 22. Qb3 Qa3 23. h4 Qxb3 24. Rxb3 Nge4 25. Nxe4 dxe4 26. Bc4 Be6 27. Bxe6 Rxe6 28. Nc4 Rc8 29. Rbc3 Bb4 30. R3c2 Nd7 31. Bg3 f6 32.
Kf1 Nb6 33. Nxb6 Rxc2 34. Rxc2 Rxb6 35. Rb2 Bd6 36. Bxd6 Rxd6 37. g4 h5 38. gxh5 Rd5 39. Kg2 Rxh5 40. Kg3 Re5 41. Kf4 Kf7 42. b6 Re6 43. h5 Kg8 44. Rb4 Kh7 45. Kf5 Re5+ 46. Kf4 Re6 47. Rxe4 Rxb6 48. Kg4 Rb1 49. f4 Rb5 50. Re8 Rb1 51. e4 b5 52. Kf5 Rh1 53. e5 fxe5 54. fxe5 Rxh5+ 55. Ke6 Rh1 56. Rb8 Rb1 57.
Kf7 g5 58. e6 Rf1+ 59. Ke8 Kg6 60. Rxb5 g4 61. e7 Re1 62. Rb6+ Kg7 63. Rb4 Kf6 64. Rb6+ Kg7 65. Kd7 g3 66. Rb3 Rd1+ 67. Ke8 Kf6 68. Rf3+ Ke6 69. Rxg3 Ra1 70. Re3+ Kd6 71. Kf8 Rf1+ 72.
Kg7 Rg1+ 73. Kh6 Rh1+ 74. Kg5 Rg1+ 75. Kf4 Rf1+ 76. Kg3 Rg1+ 77. Kf2 Rg8 78. e8=Q 1-0

[Event "*** Titled Tuesday Blitz"]
[Site "Chess.com"]
[Date "2019.03.05"]
[Round "1"]
[White "kingmonkey2006"]
[Black "GrandGlacier"]
[Result "1/2-1/2"]
[WhiteElo "2519"]
[BlackElo "2149"]
[TimeControl "180+2"]
[EndTime "13:11:38 PST"]
[Termination "Game drawn - insufficient material"]

1. b3 e5 2. Bb2 Nc6 3. e3 Nf6 4. Bb5 Bd6 5. Nf3 e4 6. Nd4 Nxd4 7. Bxd4 c6 8. Be2 Qe7 9. c4 Be5 10. Bxe5 Qxe5 11. Nc3 d5 12. cxd5 cxd5 13. d4 exd3 14. Qxd3 O-O 15. Rd1 Bf5 16. Qd4 Qxd4 17. Rxd4 Be6 18. Kd2 Rfc8 19. f3 Rc5 20. Bd3 Rac8 21. Rc1 Nd7 22. f4 g6 23. Ne2 Rxc1 24. Nxc1 Nb8 25. Ne2 Nc6 26. Ra4 a6 27. Nd4 Ne7 28.
Rb4 Rc7 29. Rb6 Bd7 30. Rd6 Kf8 31. Be2 Ke8 32. Bf3 Rc5 33. b4 Rc4 34. a3 a5 35.
bxa5 Ra4 36. Bxd5 Rxa5 37. Bxf7+ Kxf7 38. Rxd7 Rxa3 39. Rxb7 Ra2+ 40. Nc2 h5 41. Rc7 Ke6 42. e4 Rb2 43. Ra7 Rb3 44. Ra6+ Kf7 45. Rd6 h4 46.
Rd7 h3 47. g3 Rxg3 48. Nd4 Rg2+ 49. Ke3 Ke8 50. Ra7 Rxh2 51. e5 Nf5+ 52. Nxf5 gxf5 53. Rh7 Kf8 54. Rh5 Ra2 55. Rxf5+ Kg7 56. Rh5 Kg6 57.
Rh8 Kf5 58. Rf8+ Kg4 59. Rg8+ Kh4 60. Ke4 Ra1 61. Kf5 h2 62. Rh8+ Kg3 63. Rg8+ Kf3 64.
Rh8 h1=Q 65. Rxh1 Rxh1 66. e6 Rh4 67. e7 Rxf4+ 68. Kg6 Re4 69. Kf7 Rf4+ 70. Ke6 Ke3 71. Kd7 Rd4+ 72. Ke8 Kf4 73. Kf8 Re4 74. e8=Q Rxe8+ 75. Kxe8 1/2-1/2

[Event "*** Titled Tuesday Blitz"]
[Site "Chess.com"]
[Date "2019.03.05"]
[Round "1"]
[White "JSMastropiero"]
[Black "plouarzel"]
[Result "1-0"]
[WhiteElo "2260"]
[BlackElo "2589"]
[TimeControl "180+2"]
[EndTime "13:11:50 PST"]
[Termination "JSMastropiero won on time"]

1. d4 d6 2. g3 Nf6 3. Bg2 g6 4. Nf3 Bg7 5. O-O O-O 6. a4 c6 7.
a5 Nbd7 8. Nc3 Rb8 9. e4 e5 10. h3 Qc7 11. Be3 b5 12. axb6 axb6 13. dxe5 dxe5 14.
Nd2 b5 15. Nb3 Rd8 16. Qe2 Bf8 17. Rfd1 Nb6 18. Bc5 Rxd1+ 19. Rxd1 Bxc5 20. Nxc5 Nbd7 21. Qe3 Ra8 22. b4 Nb6 23. Bf1 Nfd7 24. Qg5 f6 25.
Qd2 Nf8 26. Ne2 Nc4 27. Qc3 Ne6 28. Nc1 Nxc5 29. Bxc4+ Be6 30. bxc5 Bxc4 31. Kg2 Rd8 32. Rxd8+ Qxd8 33. Nd3 Kf7 34. Nb4 Qd7 35. Qe3 Kg7 36. Qa3 Be6 37. Qa6 Bxh3+ 38. Kh2 Bg4 39. Qxc6 Qd1 40. Nd3 Bf3 41. Qd7+ Kf8 42. Qd8+ Kf7 43. Qd7+ Kf8 44. Qd8+ Kg7 45. Qd7+ Kg8 46. Qd8+ Kg7 47. Qd7+ Kh6 48. Qh3+ Bh5 49. g4 Qxc2 50. gxh5 gxh5 51.
Qe3+ Kg6 52. c6 Qc4 53. Qg3+ Kf7 54. Qh3 Kg6 55. Qf5+ Kg7 56. Qd7+ Kh6 57. Qd6 Kg5 58. c7 b4 59. Qd8 Qxe4 60. c8=Q Qh4+ 61. Qh3 Qe4 62. Qe3+ Kf5 63. Qxe4+ Kxe4 64. Qb6 Kxd3 65. Qxb4 f5 66. Qb5+ Ke4 67. Kg3 f4+ 68. Kh3 Kf5 69.
Qd3+ Kf6 70. Qxh7 Kg5 71. Qg7+ Kf5 72. f3 h4 73. Qf7+ Kg5 74. Qe7+ Kf5 75. Qd7+ Kf6 76. Qd6+ Kf5 77. Kxh4 e4 78. Qd5+ Kf6 79. Qxe4 Kg7 80. Qe6 Kh8 81. Qd7 Kg8 82. Kg5 Kf8 83. Kf6 1-0

[Event "*** Titled Tuesday Blitz"]
[Site "Chess.com"]
[Date "2019.03.05"]
[Round "1"]
[White "Denis_Palkovich"]
[Black "Lovkov_Roman"]
[Result "1/2-1/2"]
[WhiteElo "2258"]
[BlackElo "2604"]
[TimeControl "180+2"]
[EndTime "13:11:53 PST"]
[Termination "Game drawn by agreement"]

1. d4 d5 2. Bf4 c5 3. e3 Nc6 4.
c3 cxd4 5. exd4 Nf6 6. Nd2 Bf5 7. Qb3 Qd7 8. Ngf3 a6 9. a4 e6 10. Be2 Be7 11. O-O O-O 12. h3 Bd6 13. Bxd6 Qxd6 14.
a5 Qc7 15. Qa3 Rfc8 16. Rfe1 Ne8 17. Nh4 Bg6 18. Nxg6 hxg6 19. Nf3 Nd6 20. Bd3 Nb8 21. Ne5 Nd7 22. Qb4 Nxe5 23. Rxe5 Rab8 24. h4 b5 25. axb6 Rxb6 26. Qa3 Rcb8 27. Re2 Nc4 28. Bxc4 Qxc4 29. Rd2 Qc7 30. g3 Qb7 31. b4 Rc6 32. Rd3 Rbc8 33. Rf3 Qc7 34. Rc1 Qd6 35. Kg2 Rc4 36. Re1 Qc6 37.
Ree3 Qd6 38. Qa5 R4c6 39. Qa4 Qd8 40. Qa3 Qb6 41. Qa4 Qb5 42. Qa3 Ra8 43. Qa1 a5 44.
bxa5 Rxa5 45. Qf1 Qb7 46. Qe1 Rb6 47. Qe2 Rb2 48. Qd3 Raa2 49. Qf1 Rb1 50. Qd3 Raa1 51.
Rf4 Rg1+ 52. Kf3 Rad1 53. Qc2 Rc1 54. Qa2 Ra1 55. Qe2 Rgc1 56. Kg2 Rg1+ 57. Kf3 Qc8 58. Qb2 Rgb1 59. Qe2 Rc1 60. Qb2 Rab1 61. Qa3 Ra1 62. Qe7 Qf8 63. Rxe6 Rxc3+ 64. Kg2 Qxe7 65. Rxe7 f6 66.
Rd7 Ra5 67. h5 g5 68. Rf5 Rc2 69. h6 gxh6 70. Rxf6 Raa2 71. Rxd5 Kg7 72. Rdf5 Rd2 73. d5 Rd4 74. d6 Rad2 75. Re6 Rxd6 76. Rxd6 Rxd6 77.
Rf3 Kg6 78. Ra3 h5 79. Rb3 Re6 80. Rc3 Rf6 81. Ra3 g4 82. Ra5 Rf5 83. Ra6+ Kg5 84. Rb6 Re5 85. Rb4 Kf5 86. Ra4 Rd5 87. Rb4 Ke5 88. Ra4 Ke6 89. Rb4 1/2-1/2

[Event "*** Titled Tuesday Blitz"]
[Site "Chess.com"]
[Date "2019.03.05"]
[Round "1"]
[White "OparinGrigoriy"]
[Black "Ar4uha"]
[Result "1/2-1/2"]
[WhiteElo "2982"]
[BlackElo "2458"]
[TimeControl "180+2"]
[EndTime "13:12:25 PST"]
[Termination "Game drawn by agreement"]

1. Nf3 Nf6 2. g3 e6 3. Bg2 d5 4. d4 Be7 5. c4 O-O 6. Nc3 dxc4 7. Ne5 Nc6 8. Bxc6 bxc6 9. Nxc6 Qe8 10. Nxe7+ Qxe7 11. Qa4 c5 12. dxc5 Qxc5 13. Be3 Qc7 14. O-O-O Bd7 15.
Qa3 Bc6 16. f3 Rfd8 17. Rxd8+ Qxd8 18. Rd1 Nd5 19. Qc5 Qc8 20. Bd4 Bb7 21. Qxc8+ Bxc8 22. e4 Nb4 23. b3 cxb3 24. axb3 Ba6 25. Kb2 f6 26. e5 fxe5 27. Be3 Bb7 28. Rd7 Bc6 29.
Rc7 Bxf3 30. Bxa7 Nd5 31. Nxd5 exd5 32. b4 d4 33. b5 Rf8 34. Bc5 Rb8 35. b6 h5 36. Re7 Rb7 37. Rxe5 d3 38. Kc3 Be2 39. Kd2 Kf7 40. Rg5 Kf6 41. h4 g6 42. Bd4+ Kf7 43.
Rc5 Ke6 44. Rc8 Kf5 45. Rc7 Rb8 46. b7 Bf3 47. Rc5+ Kg4 48. Rg5+ Kh3 49. Kxd3 Rxb7 50. Rxg6 Re7 51. Rb6 Bg4 52. Bf2 Re2 53. Be3 Kxg3 54. Bg5 Re6 55. Rb3 Bd1 56. Ra3 Bg4 57. Kd4+ Kg2 58. Bf4 Re8 59. Be5 Rf8 60. Ke4 Bf5+ 61. Ke3 Bg4 62. Ra2+ Kg1 63. Bh2+ Kh1 64. Bf4 Rf7 65.
Rb2 Rf8 66. Rb4 Re8+ 67. Kd3 Rd8+ 68. Ke4 Re8+ 69. Be5 Rf8 70. Rb2 Rf7 71. Bf4 Kg1 72.
Ke5 Rf8 73. Be3+ Kh1 74. Bg5 Rf5+ 75. Ke4 Rf8 76. Ke3 Kg1 77. Be7 Re8 78. Rb7 Kg2 79. Kf4 Kh3 80. Kg5 Kg2 81. Rb2+ Kf3 82. Rb3+ Ke4 83.
Rb4+ Ke5 84. Bf6+ Ke6 85. Rb6+ Kd5 86. Kg6 Re6 87. Rb8 Ke4 88. Rd8 Ra6 1/2-1/2

[Event "*** Titled Tuesday Blitz"]
[Site "Chess.com"]
[Date "2019.03.05"]
[Round "1"]
[White "LLRChess"]
[Black "Pechen_Yeltsina"]
[Result "0-1"]
[WhiteElo "2300"]
[BlackElo "2656"]
[TimeControl "180+2"]
[EndTime "13:15:09 PST"]
[Termination "Pechen_Yeltsina won by resignation"]

1. f4 Nh6 2. Nf3 g6 3. g3 Bg7 4. Bg2 d6 5. O-O O-O 6. d3 Nc6 7. e4 f5 8. Nc3 Nf7 9. Be3 e5 10.
fxe5 Nfxe5 11. Nxe5 Bxe5 12. d4 Bg7 13. Qd2 fxe4 14.
Rxf8+ Qxf8 15. Rf1 Qe8 16. Nxe4 Bf5 17. Ng5 Qxe3+ 18.
Qxe3 Bxd4 19. Bd5+ Kg7 20. Qxd4+ Nxd4 21. c3 Nc6 22. g4 h6 23. gxf5 hxg5 24. f6+ Kh6 25. Kg2 Rf8 26. Kg3 Nd8 27. Kg4 c6 28. Bb3 d5 29. c4 d4 30. c5 b6 31. f7 bxc5 32. Bc4 Kg7 33. Re1 Nxf7 34. Re7 Kf6 35. Re6+ Kg7 36. Bd3 Nh6+ 37. Kxg5 Nf7+ 38. Kg4 Rc8 39.
Rxg6+ Kf8 40. Kf5 Re8 41. Rxc6 Re3 42. Bc4 Ne5 43. Rf6+ Kg7 44. Bd5 d3 45. Rd6 d2 46.
Bb3 Nd3 47. Bc2 c4 48. Rd4 Re1 49. Rxc4 Rc1 50. Rd4 d1=Q 51. Bxd1 Rxd1 52. Rd7+ Kf8 53. Rxa7 Nxb2 54. Ke4 Nc4 55. a4 Rh1 56. Kd4 Nd6 57.
Rd7 Rd1+ 58. Kc5 Ne4+ 59. Kc6 Rc1+ 60. Kb5 Rb1+ 61. Kc4 Ra1 62. Kb4 Rb1+ 63. Kc4 Ke8 64. Rh7 Nf6 65. Rg7 Nd7 66. a5 Kd8 67. a6 Kc7 68. h4 Ra1 69. Rg6 Ra4+ 70. Kb5 Rxh4 71.
a7 Rh5+ 72. Ka6 Nc5+ 73. Kb5 Kb7 74. Rg7+ Ka8 75. Kb6 Na4+ 76. Ka6 Rh6+ 77. Ka5 Nc5 78. Kb5 Nb7 79. Kc4 Kxa7 80. Kd5 Kb6 81. Rd7 Rh5+ 82. Kd4 Kc6 83. Rg7 Rh4+ 84. Ke5 Nc5 85. Rg6+ Kb5 86. Kd5 Rh3 87. Kd4 Rd3+ 88. Ke5 Rd1 89.
Rd6 Re1+ 90. Kd5 Ne4 91. Re6 Nc3+ 92. Kd6 Rd1+ 93. Ke5 Kc5 94. Kf6 Rf1+ 95. Ke7 Nd5+ 96. Kd7 Rf7+ 97. Ke8 Rg7 98. Kf8 Ra7 99. Rh6 Kd4 100.
Rg6 Ke5 101. Rg1 Ne7 102. Kf7 Nf5+ 103. Ke8 Kf6 104. Kd8 Rh7 105. Kc8 Nd6+ 106. Kb8 Rb7+ 107. Ka8 Rb2 108. Ka7 Ke6 109. Ka6 Kd5 110. Rc1 Nc4 111. Rh1 Kc6 112. Ka7 Ne5 113. Rc1+ Kd7 114. Ka6 Nc6 115. Rh1 Kc7 116. Rh7+ Kd6 117. Rh6+ Kd5 118. Rh5+ Ne5 119. Ka7 Rb4 120. Ka6 Kd6 121. Ka5 Nc6+ 122. Ka6 Kc7 123. Rh7+ Kc8 124. Rh8+ Nd8 125. Ka5 Rb1 126. Ka4 Kc7 127. Ka3 Ne6 128. Rh6 Nc5 129. Ka2 Rb8 130. Ka3 Nb7 131. Kb4 Nd6+ 132. Kc3 Kc6 133. Rh5 Rg8 134. Re5 Rh8 135. Rg5 Ne4+ 136. Kd4 Nxg5 0-1

[Event "*** Titled Tuesday Blitz"]
[Site "Chess.com"]
[Date "2019.03.05"]
[Round "2"]
[White "StanislavNovikov"]
[Black "CaptainCasanova"]
[Result "1-0"]
[WhiteElo "2660"]
[BlackElo "2779"]
[TimeControl "180+2"]
[EndTime "13:17:11 PST"]
[Termination "StanislavNovikov won by resignation"]

1. e4 e6 2. Qe2 d5 3. d3 Nf6 4.
Nf3 c5 5. g3 b6 6. Nbd2 Nc6 7.
Bg2 Be7 8. O-O O-O 9. e5 Nd7 10. h4 Ba6 11. Re1 Qc7 12. Nf1 Rae8 13. Bf4 Qc8 14.
N1h2 Bf6 15. exf6 1-0

[Event "*** Titled Tuesday Blitz"]
[Site "Chess.com"]
[Date "2019.03.05"]
[Round "2"]
[White "Chess2019Player"]
[Black "SimonKnightRivendell"]
[Result "0-1"]
[WhiteElo "2065"]
[BlackElo "2018"]
[TimeControl "180+2"]
[EndTime "13:17:11 PST"]
[Termination "SimonKnightRivendell won by resignation"]

1. Nf3 Nf6 2. g3 g6 3. Bg2 Bg7 4. O-O O-O 5. c4 d6 6. Nc3 Nc6 7. b3 e5 8. d3 Bg4 9. Bb2 Qd7 10. e3 Rfe8 11. Re1 e4 12. dxe4 Nxe4 13. Qc2 Nb4 0-1

[Event "*** Titled Tuesday Blitz"]
[Site "Chess.com"]
[Date "2019.03.05"]
[Round "2"]
[White "ajkom197"]
[Black "WPWPWP-2015"]
[Result "0-1"]
[WhiteElo "2388"]
[BlackElo "2401"]
[TimeControl "180+2"]
[EndTime "13:17:45 PST"]
[Termination "WPWPWP-2015 won by resignation"]

1. e4 c5 2. c3 Nf6 3. Bd3 e5 4. Nf3 Nc6 5. Bc2 d5 6. exd5 Qxd5 7. d3 Bg4 8. Nbd2 O-O-O 9. h3 Bh5 10. c4 Qd7 11. g4 Bg6 12. g5 Nh5 13. Ne4 Qc7 14.
Be3 Bxe4 0-1

[Event "*** Titled Tuesday Blitz"]
[Site "Chess.com"]
[Date "2019.03.05"]
[Round "2"]
[White "goodluck06"]
[Black "aridannie"]
[Result "1-0"]
[WhiteElo "2427"]
[BlackElo "2360"]
[TimeControl "180+2"]
[EndTime "13:18:06 PST"]
[Termination "goodluck06 won by resignation"]

1. d4 Nf6 2. Bf4 g6 3. Nc3 Bg7 4.
e4 d6 5. Qd2 O-O 6. f3 Nbd7 7.
Bh6 c5 8. Nge2 b6 9. h4 Bb7 10. O-O-O cxd4 11. Nxd4 d5 12. h5 dxe4 13. Bxg7 Kxg7 14.
hxg6 fxg6 15. Ne6+ 1-0

[Event "*** Titled Tuesday Blitz"]
[Site "Chess.com"]
[Date "2019.03.05"]
[Round "2"]
[White "1random"]
[Black "Alexey_Potapov"]
[Result "0-1"]
[WhiteElo "2548"]
[BlackElo "2710"]
[TimeControl "180+2"]
[EndTime "13:18:42 PST"]
[Termination "Alexey_Potapov won by resignation"]

1. e4 c6 2. Nf3 d5 3. Nc3 dxe4 4. Nxe4 Nf6 5. Qe2 Bg4 6. Nxf6+ gxf6 7. h3 Bxf3 8. Qxf3 Qd5 9. Qe3 e6 10. b3 Bc5 11.
Qe2 Bxf2+ 12. Qxf2 Qe5+ 13. Kd1 Qxa1 14. c3 Nd7 0-1

[Event "*** Titled Tuesday Blitz"]
[Site "Chess.com"]
[Date "2019.03.05"]
[Round "2"]
[White "vugarrasulov"]
[Black "wannabe2700"]
[Result "1-0"]
[WhiteElo "2731"]
[BlackElo "2552"]
[TimeControl "180+2"]
[EndTime "13:18:49 PST"]
[Termination "vugarrasulov won by resignation"]

1. e4 e6 2. d4 d5 3. Nd2 c5 4. exd5 Qxd5 5. Ngf3 cxd4 6. Bc4 Qd7 7. O-O Nc6 8. Nb3 Nf6 9. Nbxd4 Nxd4 10. Nxd4 a6 11. Re1 Bc5 12. Be3 Qc7 13. Bg5 O-O 14. Bxf6 gxf6 15. Qh5 f5 16. Qg5+ Kh8 17. Qf6+ Kg8 18. Re3 Be7 19. Qh6 Qe5 20. Rxe5 1-0

[Event "*** Titled Tuesday Blitz"]
[Site "Chess.com"]
[Date "2019.03.05"]
[Round "2"]
[White "MFguimaraes"]
[Black "ChessWarrior7197"]
[Result "0-1"]
[WhiteElo "2307"]
[BlackElo "2856"]
[TimeControl "180+2"]
[EndTime "13:18:53 PST"]
[Termination "ChessWarrior7197 won by resignation"]

1. e4 c5 2. Nf3 d6 3. d4 cxd4 4. Nxd4 Nf6 5. Nc3 a6 6. Bg5 e6 7.
f4 h6 8. Bh4 Qb6 9. a3 Be7 10.
Bf2 Qc7 11. Qf3 Nbd7 12. O-O-O b5 13. g4 Bb7 14. Bg2 g5 15. f5 e5 16. Nb3 h5 17.
h3 Bc6 18. Be3 a5 19. Bxg5 b4 20. Nd5 Nxd5 21. f6 N5xf6 22. gxh5 Bxe4 23. Qe2 Bxg2 24. Qxg2 Rc8 25. axb4 axb4 26. h6 Qc4 27. Kb1 Qe4 28.
Qd2 Ra8 29. Bxf6 Nxf6 30. Rhe1 Qc4 31. Qg5 Rc8 32. Rd2 Ne4 33. Qg7 Nxd2+ 0-1

[Event "*** Titled Tuesday Blitz"]
[Site "Chess.com"]
[Date "2019.03.05"]
[Round "2"]
[White "fm_magua"]
[Black "GMMatamoros"]
[Result "0-1"]
[WhiteElo "2475"]
[BlackElo "2544"]
[TimeControl "180+2"]
[EndTime "13:18:59 PST"]
[Termination "GMMatamoros won by resignation"]

1. e4 c5 2. Nf3 Nc6 3. d4 cxd4 4. Nxd4 e5 5. Nb5 d6 6. N1c3 a6 7. Na3 Be7 8. Nd5 Nf6 9. Be3 Nxd5 10. Qxd5 Be6 11.
Qd2 b5 12. c4 d5 13. Qc2 Nb4 14. Qc1 dxc4 15. Be2 Nd3+ 16. Bxd3 Qxd3 17. Nc2 Qxe4 18. O-O O-O 19. Re1 Qg6 20. a4 Bh3 21. g3 Qe4 22. f3 Qxf3 23. Re2 Qxe2 0-1

[Event "*** Titled Tuesday Blitz"]
[Site "Chess.com"]
[Date "2019.03.05"]
[Round "2"]
[White "CzechmVIII"]
[Black "SolidAsARook"]
[Result "1-0"]
[WhiteElo "2121"]
[BlackElo "2194"]
[TimeControl "180+2"]
[EndTime "13:19:11 PST"]
[Termination "CzechmVIII won by resignation"]

1. e4 e5 2. Nf3 Nc6 3. Bb5 Nf6 4.
d4 Nxe4 5. dxe5 d5 6. O-O Bc5 7. Nd4 Bd7 8. Nb3 Bb6 9. Qxd5 Nxf2 10. Rxf2 Bxf2+ 11. Kxf2 Qh4+ 12. Kg1 Qe1+ 13. Bf1 Qxc1 1-0

[Event "*** Titled Tuesday Blitz"]
[Site "Chess.com"]
[Date "2019.03.05"]
[Round "2"]
[White "SerkanSoysal"]
[Black "sergiochess83"]
[Result "1-0"]
[WhiteElo "2583"]
[BlackElo "2725"]
[TimeControl "180+2"]
[EndTime "13:19:22 PST"]
[Termination "SerkanSoysal won by resignation"]

1. d4 Nf6 2. c4 e6 3. Nf3 d5 4. g3 Bb4+ 5. Bd2 Be7 6. Bg2 O-O 7.
O-O c6 8. b3 b6 9. Bc3 Ba6 10.
Nbd2 Nbd7 11. Re1 c5 12. e4 dxc4 13. Nxc4 Bxc4 14. bxc4 cxd4 15. Nxd4 e5 16. Nc6 Qe8 17. Nxe5 Nxe5 18. Bxe5 Bb4 19. Bxf6 Bxe1 20. Qg4 Bxf2+ 21.
Kxf2 g6 22. e5 Rc8 23. Qh4 h5 24. Qg5 Kh7 25. Be4 1-0

[Event "*** Titled Tuesday Blitz"]
[Site "Chess.com"]
[Date "2019.03.05"]
[Round "2"]
[White "MITerryble"]
[Black "JosefineHeinemann"]
[Result "1-0"]
[WhiteElo "2799"]
[BlackElo "2397"]
[TimeControl "180+2"]
[EndTime "13:19:26 PST"]
[Termination "MITerryble won by resignation"]

1. e4 e5 2. Nf3 Nc6 3. c3 Nf6 4. d4 Nxe4 5. d5 Ne7 6. Nxe5 d6 7. Qa4+ Bd7 8. Nxd7 Qxd7 9. Qxe4 O-O-O 10. Bd3 Re8 11. O-O Ng6 12. Qf5 Be7 13. Qxd7+ Kxd7 14. Bf5+ Kd8 15.
Be3 b6 16. a4 Bf6 17. a5 Ne7 18. axb6 Nxf5 19. b7 Kd7 20. Bxa7 Ne7 21. Rd1 h5 22. Ra4 c6 23. b8=Q Rxb8 24. Bxb8 Rxb8 25. dxc6+ Nxc6 26. b4 Ne5 27. Ra6 Nc4 28. Na3 Nxa3 29. Rxa3 Rc8 30. Rd3 Re8 31. Kf1 Re4 32. g3 h4 33. Kg2 hxg3 34. hxg3 Re2 35. Ra6 Be5 36. Kf1 Rc2 37. f4 Bxc3 38. Raxd6+ Ke7 39. Rc6 1-0

[Event "*** Titled Tuesday Blitz"]
[Site "Chess.com"]
[Date "2019.03.05"]
[Round "2"]
[White "leoo2001"]
[Black "Gentlejimmy7"]
[Result "1-0"]
[WhiteElo "2687"]
[BlackElo "2367"]
[TimeControl "180+2"]
[EndTime "13:19:44 PST"]
[Termination "leoo2001 won by resignation"]

1. e4 e5 2. Nf3 Nc6 3. Bb5 a6 4. Ba4 Nf6 5. O-O Be7 6. Re1 b5 7. Bb3 O-O 8. c3 d6 9. h3 Nd7 10. d4 Bf6 11. d5 Na5 12. Bc2 Bb7 13. Nbd2 Qc8 14. Nf1 c6 15. dxc6 Qxc6 16. Ne3 Nc4 17. Nd5 Ncb6 18. Nxf6+ Nxf6 19. Bg5 Nbd7 20. Qd2 h6 21. Bxh6 gxh6 22. Qxh6 Nh7 23. Ng5 Nxg5 24. Qxg5+ Kh7 25. Qh5+ Kg7 26. Re3 Kf6 27. Qh4+ Ke6 28. Bb3+ 1-0

[Event "*** Titled Tuesday Blitz"]
[Site "Chess.com"]
[Date "2019.03.05"]
[Round "2"]
[White "hurricane7791"]
[Black "senecacrane"]
[Result "1-0"]
[WhiteElo "2709"]
[BlackElo "2303"]
[TimeControl "180+2"]
[EndTime "13:19:59 PST"]
[Termination "hurricane7791 won by checkmate"]

1. d4 d5 2. c4 e6 3. Nf3 Nf6 4. Nc3 Be7 5. cxd5 exd5 6. Bg5 c6 7.
Qc2 Nbd7 8. e3 h6 9. Bh4 Nh5 10. Bxe7 Qxe7 11. Bd3 Nf4 12. Bf1 Nb6 13. O-O-O Nh5 14. Ne5 Be6 15. f4 g6 16. Bd3 O-O-O 17.
Kb1 Ng7 18. g4 h5 19. f5 gxf5 20. gxf5 Bd7 21. a4 Kb8 22. a5 Nc8 23. a6 b5 24.
e4 dxe4 25. Bxe4 Qf6 26. Rhf1 Nb6 27. Rc1 Nc4 28. Nxc4 bxc4 29. Rcd1 Rhe8 30. Qa4 Rxe4 31. Nxe4 Bxf5 32. Qb4+ Ka8 33. Qb7# 1-0

[Event "*** Titled Tuesday Blitz"]
[Site "Chess.com"]
[Date "2019.03.05"]
[Round "2"]
[White "ChessicallyInclined"]
[Black "Atanejhad"]
[Result "1-0"]
[WhiteElo "2416"]
[BlackElo "2243"]
[TimeControl "180+2"]
[EndTime "13:20:18 PST"]
[Termination "ChessicallyInclined won on time"]

1. d4 Nf6 2. c4 e6 3. Nc3 Bb4 4. e3 O-O 5. Ne2 d5 6. a3 Bxc3+ 7. Nxc3 c5 8. cxd5 cxd4 9. Qxd4 exd5 10. Be2 Nc6 11. Qh4 d4 12. exd4 Qxd4 13. Qxd4 Nxd4 14.
O-O Nxe2+ 15. Nxe2 1-0

[Event "*** Titled Tuesday Blitz"]
[Site "Chess.com"]
[Date "2019.03.05"]
[Round "2"]
[White "AkibaRubi"]
[Black "GataKamsky1974"]
[Result "0-1"]
[WhiteElo "2585"]
[BlackElo "2842"]
[TimeControl "180+2"]
[EndTime "13:20:31 PST"]
[Termination "GataKamsky1974 won by resignation"]

1. b3 d5 2. Bb2 Nf6 3. Nf3 g6 4. g3 Bg7 5. d4 O-O 6. Bg2 a5 7.
a4 c6 8. O-O Bf5 9. c4 Na6 10.
Nc3 Nb4 11. Ne5 Bc2 12. Qd2 Bxb3 13. c5 Nd7 14. f4 f6 15. Nd3 Bc4 16. f5 Bxd3 17.
exd3 gxf5 18. Rxf5 e6 19. Rf2 f5 20. Na2 Nxa2 21.
Rxa2 b6 22. Re2 Re8 23. Bc3 bxc5 24. dxc5 Bxc3 25. Qxc3 Rb8 26. Re1 Qf6 27. Qxa5 Qd4+ 28. Kh1 Nxc5 29. Qa7 Rb7 30. Qa5 Nxd3 31. Rf1 Nb4 32.
Re2 Ra7 33. Rd2 Rxa5 34. Rxd4 c5 35. Rdf4 Nd3 36. R4f3 c4 37. g4 f4 0-1

[Event "*** Titled Tuesday Blitz"]
[Site "Chess.com"]
[Date "2019.03.05"]
[Round "2"]
[White "TreinadorBR"]
[Black "Abdodi"]
[Result "1-0"]
[WhiteElo "2225"]
[BlackElo "2149"]
[TimeControl "180+2"]
[EndTime "13:20:31 PST"]
[Termination "TreinadorBR won by resignation"]

1. e4 c6 2. d4 d5 3. e5 c5 4. Nf3 Nc6 5. Bb5 e6 6. O-O Bd7 7. Bxc6 Bxc6 8. c3 Ne7 9. Bg5 Qc7 10.
Re1 Ng6 11. Nbd2 h6 12. Be3 Be7 13. dxc5 Nxe5 14. Bf4 Nxf3+ 15. Qxf3 Qd7 16. b4 O-O 17. Qg3 Kh8 18. Nf3 a5 19. Ne5 Qe8 20. Qh3 Bf6 21. Bxh6 gxh6 22. Qxh6+ Kg8 23. Qxf6 Rd8 24. Re3 1-0

[Event "*** Titled Tuesday Blitz"]
[Site "Chess.com"]
[Date "2019.03.05"]
[Round "2"]
[White "wanyaland"]
[Black "Eliwood44"]
[Result "0-1"]
[WhiteElo "2105"]
[BlackElo "2219"]
[TimeControl "180+2"]
[EndTime "13:20:32 PST"]
[Termination "Eliwood44 won by resignation"]

1. d4 d5 2. c4 e6 3. Nc3 Nf6 4. Nf3 Be7 5. e3 O-O 6. Bd3 dxc4 7. Bxc4 c5 8. O-O b6 9. Qe2 Bb7 10. Rd1 Nbd7 11. dxc5 Bxc5 12. h3 Rc8 13. e4 Nh5 14. Ne5 Nxe5 15. Rxd8 Rfxd8 16. Bb3 Ng3 17. Qe1 Nd3 18. Qd1 Nxf2 19. Qxd8+ Rxd8 20. Kh2 Nf1+ 21. Kg1 Ng3 22. Na4 Nfxe4+ 23. Nxc5 Nxc5 24. Be3 Nf5 25. Bxc5 bxc5 0-1

[Event "*** Titled Tuesday Blitz"]
[Site "Chess.com"]
[Date "2019.03.05"]
[Round "2"]
[White "andy_rekt"]
[Black "King_of_the_wing"]
[Result "1-0"]
[WhiteElo "2201"]
[BlackElo "2167"]
[TimeControl "180+2"]
[EndTime "13:20:38 PST"]
[Termination "andy_rekt won by resignation"]

1. d4 Nf6 2. c4 g6 3. Nf3 b6 4.
d5 Bg7 5. g3 O-O 6. Bg2 d6 7.
O-O Bb7 8. Nc3 e6 9. Nd4 exd5 10. cxd5 Re8 11. Bg5 h6 12. Bf4 g5 13. Be3 Ng4 14. Bc1 Nd7 15. h3 Nge5 16. f3 Nf6 17. f4 gxf4 18. Bxf4 Nc4 19. Qc1 Nh5 20. Nf5 Nxf4 21. Qxf4 Ne5 22. Nxh6+ Bxh6 23. Qxh6 Qe7 24. Ne4 1-0

[Event "*** Titled Tuesday Blitz"]
[Site "Chess.com"]
[Date "2019.03.05"]
[Round "2"]
[White "Margency"]
[Black "ManuDavid2910"]
[Result "1-0"]
[WhiteElo "2585"]
[BlackElo "2750"]
[TimeControl "180+2"]
[EndTime "13:20:41 PST"]
[Termination "Margency won by resignation"]

1. d4 Nf6 2. Bf4 e6 3. e3 d5 4.
Nf3 c5 5. Nbd2 Nc6 6. c3 Bd6 7.
Bg3 O-O 8. Bb5 a6 9. Bxc6 bxc6 10. Qa4 cxd4 11. cxd4 Bb7 12. Rc1 Rc8 13. O-O Qe7 14. Nb3 Ne4 15. Bxd6 Qxd6 16. Nc5 Qb8 17. Nd7 Qd6 18.
Nxf8 Kxf8 19. b4 f6 20. a3 g5 21. Qc2 a5 22. Nd2 Nxd2 23. Qxd2 Ba6 24. Rfd1 Bc4 25.
bxa5 Qxa3 26. Ra1 Qd6 27. a6 c5 28. dxc5 Qxc5 29. a7 Ra8 30. Qd4 Qe7 31. Rdb1 Qd8 32. Qc5+ Kf7 33. Rb7+ Kg6 34. Qc7 Qxc7 35. Rxc7 1-0

[Event "*** Titled Tuesday Blitz"]
[Site "Chess.com"]
[Date "2019.03.05"]
[Round "2"]
[White "Gabix_94"]
[Black "kacprekt"]
[Result "1-0"]
[WhiteElo "2486"]
[BlackElo "2276"]
[TimeControl "180+2"]
[EndTime "13:20:44 PST"]
[Termination "Gabix_94 won by resignation"]

1. e4 c6 2. d4 d5 3. Nd2 dxe4 4.
Nxe4 Bf5 5. Ng3 Bg6 6. Bc4 e6 7. h4 h6 8. N1e2 Bd6 9. Nf4 Bxf4 10. Bxf4 Nf6 11. h5 Bh7 12. Qe2 Nbd7 13. O-O-O Nd5 14. Bd2 N7b6 15. Bd3 Bxd3 16. Qxd3 Qc7 17. c4 Nf6 18. Kb1 O-O-O 19. Bc3 c5 20. d5 exd5 21. Qf5+ Qd7 22.
Bxf6 Qxf5+ 23. Nxf5 gxf6 24. cxd5 Rhe8 25. d6 Re5 26. Nxh6 Rf8 27. Ng4 Rg5 28. Nxf6 Rxg2 29. d7+ Kc7 30. h6 Rxf2 31. h7 1-0